 Dungeon Crawl Stone Soup version 0.28.0-53-g5a82cb258f (webtiles) character file.

Game seed: 5275885428061383743

55 kkplay the Skirmisher (level 3, -1/33 HPs)
             Began as a Draconian Abyssal Knight on June 27, 2022.
             Was a Follower of Lugonu.
             Slain by a gnoll
             ... wielding a +0 spear
              (2 damage)
             ... on level 2 of the Dungeon on June 29, 2022.
             The game lasted 00:09:50 (2251 turns).

kkplay the Skirmisher (Draconian Abyssal Knight)    Turns: 2251, Time: 00:09:51

Health: -1/33      AC:  5    Str: 17    XL:     3   Next: 67%
Magic:  4/4        EV: 12    Int: 10    God:    Lugonu [*.....]
Gold:   76         SH:  0    Dex: 11    Spells: 2/2 levels left

rFire   . . .      SeeInvis .   a - +1 falchion
rCold   . . .      Faith    .   (no shield)
rNeg    . . .      Spirit   .   (armour unavailable)
rPois   .          Reflect  .   (helmet restricted)
rElec   .          Harm     .   (no cloak)
rCorr   .          Rampage  .   (no gloves)
Will    .....                   (no boots)
Stlth   +.........              (no amulet)
HPRegen 0.11/turn               (no ring)
MPRegen 0.09/turn               (no ring)

@: no status effects
A: AC +5, unfitting armour, cold-blooded
a: Renounce Religion, Depart the Abyss


You were on level 2 of the Dungeon.
You worshipped Lugonu.
Lugonu was aware of your devotion.
You visited 1 branch of the dungeon, and saw 2 of its levels.
You visited the Abyss 1 time.

You collected 76 gold pieces.

Inventory:

Hand Weapons
 a - a +1 falchion (weapon)
Scrolls
 b - a scroll of torment {unknown}
 c - 2 scrolls of fog {unknown}
 e - a scroll of magic mapping {unknown}
 f - 2 scrolls of amnesia {unknown}
 h - a scroll of noise {unknown}
Potions
 d - a potion of ambrosia {unknown}
 g - a potion of brilliance {unknown}


   Skills:
 + Level 4.1 Fighting
 + Level 2.6 Long Blades
 + Level 2.7 Dodging
 + Level 0.5 Stealth
 + Level 2.1 Invocations


You had 2 spell levels left.
You didn't know any spells.
Your spell library contained the following spells:

 Spells                   Type           Power      Damage    Failure   Level
 Animate Skeleton         Necr           0%         N/A       36%         1
 Apportation              Tloc           0%         N/A       36%         1
 Summon Small Mammal      Summ           0%         N/A       36%         1
 Corpse Rot               Necr/Air       0%         N/A       50%         2
 Call Canine Familiar     Summ           0%         N/A       75%         3
 Portal Projectile        Hex/Tloc       0%         N/A       75%         3
 Summon Guardian Golem    Hex/Summ       0%         N/A       75%         3
 Dispel Undead            Necr           0%         3d6       98%         4
 Leda's Liquefaction      Hex/Erth       0%         N/A       98%         4
 Death Channel            Necr           0%         N/A       100%        6


Dungeon Overview and Level Annotations

Branches:
Dungeon (2/15)

Altars:


Innate Abilities, Weirdness & Mutations

Your plain brown scales are hard. (AC +5)
You cannot fit into any form of body armour.
You are cold-blooded and may be slowed by cold attacks.


Message History

Lugonu accepts your kill.
There is an open door here.
Things that are here:
a jackal corpse; a jackal corpse; a jackal corpse You open the door.
There is an open door here. 2 gnolls come into view.
The gnoll shouts!
You hear a shout! x2
The gnoll barely misses you.
You slash the gnoll!
The gnoll is heavily wounded.
The gnoll misses you. The gnoll hits you with a +0 spear!
You closely miss the gnoll.
The gnoll is heavily wounded.
The gnoll completely misses you. The gnoll hits you with a +0 spear.
You closely miss the gnoll.
You tail-slap the gnoll, but do no damage.
The gnoll is heavily wounded.
The gnoll completely misses you. The gnoll barely misses you.
You hit the gnoll but do no damage.
The gnoll is heavily wounded.
The gnoll closely misses you. The gnoll hits you with a +0 spear.
You hit the gnoll but do no damage.
The gnoll is heavily wounded.
The gnoll hits you from afar with a +0 spear.
The gnoll hits you with a +0 spear. The gnoll barely misses you.
You hit the gnoll.
The gnoll is almost dead.
The gnoll hits you with a +0 spear.
* * * LOW HITPOINT WARNING * * *
The gnoll hits you from afar with a +0 spear!
* * * LOW HITPOINT WARNING * * *
The gnoll barely misses you.
You completely miss the gnoll.
The gnoll is almost dead.
The gnoll closely misses you. x2
You hit the gnoll but do no damage.
The gnoll is almost dead.
The gnoll hits you from afar with a +0 spear.
You die...

### ..# #.# # ..#
##+# #g###.# ##...##
#.g@..# ##.....##
#####.# #.......##
###.###.#
.........###.......#
.......>.'.......#.#
.........###....##.#
#.......## #.#.###.#
##.....## #.### ..#
##...## #.# #.#


You could see 2 gnolls.

Vanquished Creatures
  2 adders (D:2)
  A dart slug (D:1)
  4 endoplasms
  2 hobgoblins (D:1)
  4 jackals (D:2)
  6 ball pythons
  4 bats
  3 frilled lizards (D:1)
  A goblin (D:1)
  2 kobolds (D:1)
  7 rats
  2 bushes (D:1)
38 creatures vanquished.

Vanquished Creatures (others)
  A plant (D:1)
1 creature vanquished.

Grand Total: 39 creatures vanquished

Notes
Turn   | Place    | Note
-------+----------+-------------------------------------------
     0 | Abyss:1  | kkplay the Draconian Abyssal Knight began the quest for the
                  | Orb.
     0 | Abyss:1  | Reached XP level 1. HP: 19/19 MP: 2/2
    45 | Abyss:1  | Noticed a thrashing horror
    51 | D:1      | Escaped the Abyss
   388 | D:1      | Reached * piety under Lugonu
   569 | D:1      | Reached XP level 2. HP: 26/26 MP: 3/3
  1585 | D:2      | Found a faded altar of an unknown god.
  1637 | D:2      | Reached XP level 3. HP: 27/33 MP: 4/4
  1901 | D:2      | Reached skill level 4 in Fighting
  2249 | D:2      | HP: 1/33 [gnoll/+0 spear (8)]
  2251 | D:2      | Slain by a gnoll

Illustrated notes

Levels and vault maps discovered:
D:1:      matt_arrival_spirals, layout_basic, serial_forest,
          infiniplex_forest_straight_3, infiniplex_forest_lined_4_way,
          infiniplex_forest_end_2, infiniplex_forest_end_1,
          infiniplex_forest_fountain, infiniplex_forest_lined_ring,
          infiniplex_forest_lined_room_2
D:2:      layout_loops_corners, basic_ecumenical_altar

Skill      XL: |  1  2  3 |
---------------+----------+-----
Fighting       | 4 |  4.1
Long Blades    | |  2.6
Dodging        | |  2.7
Stealth        | |  0.5
Invocations    | |  2.1

Action                   || total
-------------------------++-------
Melee: Falchion          ||   281
       Tailslap          ||    63
       Punch             ||     5
Invok: Depart the Abyss  ||     1
 Stab: Sleeping          ||     1
Armor: Skin              ||    47
Dodge: Dodged            ||    88
